 Dungeon Sprint DCSS version 0.26-a0-663-g36e8fdb655 (webtiles) character file.

Game seed: 4961564845681458275

994 sahdkjhfkaj the Thaumaturge (level 7, -13/36 HPs)
             Began as a Deep Elf Fire Elementalist on Oct 10, 2020.
             Was an Initiate of Vehumet.
             Mangled by a deep troll (19 damage)
             ... in the Dungeon (Sprint I: "Red Sonja").
             The game lasted 00:01:55 (684 turns).

sahdkjhfkaj the Thaumaturge (DEFE)                   Turns: 684, Time: 00:01:55

Health: -13/36     AC:  2    Str:  5    XL:     7   Next: 99%
Magic:  13/25      EV: 13    Int: 22    God:    Vehumet [......]
Gold:   405        SH:  0    Dex: 15    Spells: 21/31 levels left

rFire    . . .     SeeInvis .   (no weapon)
rCold    . . .     Faith    .   (no shield)
rNeg     . . .     Spirit   .   a - +0 robe
rPois    .         Reflect  .   (no helmet)
rElec    .         Harm     .   (no cloak)
rCorr    .         Rampage  .   (no gloves)
MR       .....     NoTele   +   (no boots)
Stlth    ++........             (no amulet)
HPRegen  0.12/turn              (no ring)
MPRegen  0.19/turn              (no ring)

@: no status effects
A: no striking features
a: Renounce Religion


You were in the Dungeon.
You worshipped Vehumet.
Vehumet was noncommittal.
You visited 1 branch You collected 405 gold pieces.

Inventory:

Armour
 a - a +0 robe (worn)
Wands
 i - a wand of iceblast (6)
Scrolls
 b - a scroll of immolation {unknown}
 h - 2 scrolls of blinking
Potions
 d - a potion of heal wounds
 e - a potion of haste
 f - a potion of magic
 g - a potion of berserk rage


   Skills:
 - Level 2.4 Dodging
 - Level 2.4 Stealth
 + Level 12.8 Spellcasting
 - Level 11.1 Conjurations
 - Level 11.4 Fire Magic


You had 21 spell levels left.
You knew the following spells:

 Your Spells              Type           Power        Failure   Level
a - Foxfire               Conj/Fire      ####         1%          1
f - Fireball              Conj/Fire      ######....   1%          5
s - Sticky Flame          Conj/Fire      ######..     1%          4

Your spell library contained the following spells:

 Spells                   Type           Power        Failure   Level
 Conjure Flame            Conj/Fire      ######..     1%          3
 Inner Flame              Hex/Fire       #####...     1%          3


Dungeon Overview and Level Annotations

Branches:
Dungeon (1/1)

Altars:
Cheibriados
Dithmenos
Elyvilon
Fedhas
Gozag
Hepliaklqana
Kikubaaqudgha
Nemelex Xobeh
Okawaru
Qazlal
Ru
Sif Muna
Trog
Uskayaw
Vehumet
Wu Jian
Yredelemnul
Zin
The Shining One

Shops:
D =?


Message History

Confirm with . or Enter, or press ? or * to list all spells.
Aiming: Sticky Flame (safe; 1% risk of failure)
Press: ? - help, Shift-Dir - straight line, f/p - deep troll
Aim: a deep troll (heavily wounded)
The sticky flame hits the deep troll but does no damage.
The deep troll is heavily wounded.
The deep troll is covered in liquid flames!
The deep troll burns!
The deep troll bites you! The deep troll claws you!
* * * LOW HITPOINT WARNING * * *
The deep troll claws you!
* * * LOW HITPOINT WARNING * * *
Unknown command.
The deep troll burns!
The deep troll burns!
The deep troll stops burning.
There is an open door here.
The deep troll misses you. The deep troll claws you.
* * * LOW HITPOINT WARNING * * *
The deep troll claws you!!
Ouch! That really hurt!
You die...

#..#####'#####'#
#..####..#...#.#
#..#__####..##.#
#..#_____##'#_.+
#⌠⌠#_.∩..)'.(._#
####_..__##_(#'#
#_____###'#.#
############.####+###
#∩...@T...'...'$$.$$+
###++++####...#######
##.## #+#


You could see a deep troll.

Vanquished Creatures
  Sonja (D)
  Sigmund (D)
  A yak (D)
  An ogre (D)
  A jelly (D)
  Ijyb (D)
6 creatures vanquished.

Vanquished Creatures (others)
  18 foxfires (D)
18 creatures vanquished.

Grand Total: 24 creatures vanquished

Notes
Turn   | Place    | Note
-------+----------+-------------------------------------------
     0 | D        | sahdkjhfkaj the Deep Elf Fire Elementalist began the quest
                  | for the Orb.
     0 | D        | Reached XP level 1. HP: 10/10 MP: 6/6
     2 | D        | Noticed Ijyb
     8 | D        | Killed Ijyb
     8 | D        | Reached skill level 5 in Fire Magic
     8 | D        | Reached XP level 2. HP: 13/15 MP: 0/8
    81 | D        | Noticed an ogre
    87 | D        | Killed an ogre
    87 | D        | Reached XP level 3. HP: 19/19 MP: 3/9
    87 | D        | Reached XP level 4. HP: 24/24 MP: 3/10
   246 | D        | Learned a level 4 spell: Sticky Flame
   257 | D        | Noticed Sigmund
   263 | D        | Killed Sigmund
   263 | D        | Reached skill level 10 in Fire Magic
   263 | D        | Reached XP level 5. HP: 25/28 MP: 6/11
   307 | D        | Learned a level 5 spell: Fireball
   317 | D        | Found an ornate altar of the Wu Jian Council.
   317 | D        | Found a shimmering blue altar of Sif Muna.
   324 | D        | Reached XP level 6. HP: 32/32 MP: 2/12
   397 | D        | Found a radiant altar of Vehumet.
   418 | D        | Became a worshipper of Vehumet
   420 | D        | Found Uttoinke's Magic Scroll Emporium.
   420 | D        | Found an ancient bone altar of Kikubaaqudgha.
   420 | D        | Found a hazy altar of Hepliaklqana.
   420 | D        | Found a stormy altar of Qazlal.
   420 | D        | Found a hide-covered altar of Uskayaw.
   420 | D        | Found a blossoming altar of Fedhas.
   420 | D        | Found a bloodstained altar of Trog.
   420 | D        | Found an iron altar of Okawaru.
   420 | D        | Found a basalt altar of Yredelemnul.
   420 | D        | Found a glowing golden altar of the Shining One.
   420 | D        | Found a snail-covered altar of Cheibriados.
   420 | D        | Found a sacrificial altar of Ru.
   420 | D        | Found a glowing silver altar of Zin.
   420 | D        | Found a shadowy altar of Dithmenos.
   420 | D        | Found a white marble altar of Elyvilon.
   420 | D        | Noticed a yak
   426 | D        | Killed a yak
   493 | D        | Found an opulent altar of Gozag.
   494 | D        | Found a sparkling altar of Nemelex Xobeh.
   519 | D        | Noticed Sonja
   524 | D        | Killed Sonja
   524 | D        | Reached skill level 12 in Spellcasting
   524 | D        | Reached XP level 7. HP: 21/36 MP: 7/25
   651 | D        | Found Gismesm's Jewellery Boutique.
   671 | D        | Noticed a deep troll
   684 | D        | Mangled by a deep troll

Illustrated notes

Levels and vault maps discovered:
D:        dungeon_sprint_1 [red_sonja_temple_1, red_sonja_temple_small_1]

Skill      XL: |  1  2  3  4  5  6 |
---------------+-------------------+-----
Conjurations   | 4 7 9 11 | 11.1
Fire Magic     | 5 7 10 11 | 11.4
Spellcasting   | 12 | 12.8
Dodging        | |  2.4
Stealth        | |  2.4

Action                   |  1- 3 |  4- 6 |  7- 9 || total
-------------------------+-------+-------+-------++-------
Melee: Unarmed           |       |     1 |       ||     1
 Cast: Foxfire           |    11 |       |       ||    11
       Sticky Flame      |       |     3 |     1 ||     4
       Fireball          |       |     4 |     3 ||     7
  Use: Potion            |       |     2 |       ||     2
Dodge: Dodged            |     1 |     2 |     1 ||     4

Table legend: (Time is in decaauts)
 A = Elapsed time spent in this place.
 B = Non-inter-level travel time spent in this place.
 C = Inter-level travel time spent in this place.
 D = Time resting spent in this place.
 E = Time spent auto-exploring this place.
 F = Levels seen in this place.
 G = Mean time per level.
                   A        B        C        D        E       F      G
               +--------+--------+--------+--------+--------+-----+--------+
         Total |    698 |    686 |     12 |    508 |      0 |   1 |  698.0 |
       Dungeon |    698 |    686 |     12 |    508 |      0 |   1 |  698.0 |
               +--------+--------+--------+--------+--------+-----+--------+

Top non-repeatable levels by time:
       D: 698 daAuts
